[ PARTIDA AOE2 · #504595924 ]
UnrankedGeorgianos vs Persians
Equipo del jugador · VICT
Equipo rival · DERR
[ ANÁLISIS DE REPETICIÓN · EXTRAÍDO DE LA PARTIDA GRABADA ]
Feudal
8:08
Castillos
35:04
Imperial
51:51
| APM promedio | 42.3 |
| APM pico | 73 |
| eAPM promedio | 19.7 |
| Aldeanos / militares | 158 / 69 |
Foco
⚔️ 32.3% · 🌾 67.7%
Knight ×26 · Archer ×20 · Mangonel ×7 · Scout Cavalry ×6 · Monk ×5 · Trebuchet (Packed) ×5
Feudal
24:14
Castillos
34:51
Imperial
—
| APM promedio | 56.1 |
| APM pico | 97 |
| eAPM promedio | 33.0 |
| Aldeanos / militares | 174 / 81 |
Foco
⚔️ 36.6% · 🌾 63.4%
Skirmisher ×24 · Scout Cavalry ×14 · Petard ×9 · Knight ×8 · Monk ×7 · Spearman ×6
Mapa de la partida
Recursos iniciales + cada clic de construcción. Líneas = muros · curvas = relieve. ◆ oro · ⬟ piedra · ● bayas · ✦ reliquia · ◌ hueco del cierre
Tu base· Abierta — el rival se encerró
Base de 2099· ✓ Cerrada en 34:51 · 49t muro · sin puerta
Terreno inicial suavizado · ◌ = hueco del cierre detectado · pasá el cursor para detalles
Inputs por minuto
— NachoMontes - - 2099
Build order — NachoMontes
Primeras 150 de 391 acciones detectadas
| 0:00 | Encolar | Villager (Male) |
| 0:02 | Construir | House |
| 0:05 | Construir | House |
| 0:10 | Encolar | Villager (Male) |
| 0:12 | Encolar | Villager (Male) |
| 0:15 | Encolar | Villager (Male) |
| 1:35 | Encolar | Villager (Male) |
| 2:06 | Encolar | Villager (Male) |
| 2:06 | Encolar | Villager (Male) |
| 2:40 | Encolar | Villager (Male) |
| 2:57 | Encolar | Villager (Male) |
| 3:31 | Construir | House |
| 3:42 | Encolar | Villager (Male) |
| 3:44 | Encolar | Villager (Male) |
| 3:46 | Encolar | Villager (Male) |
| 4:42 | Encolar | Villager (Male) |
| 4:45 | Construir | Mill |
| 5:21 | Encolar | Villager (Male) |
| 5:58 | Investigar | Feudal Age |
| 6:33 | Encolar | Villager (Male) |
| 7:08 | Construir | Palisade Wall |
| 7:54 | Investigar | Loom |
| 8:00 | Construir | Mule Cart |
| 8:08 | Edad | Edad Feudal |
| 8:25 | Construir | Palisade Wall |
| 8:51 | Investigar | Double-Bit Axe |
| 8:52 | Encolar | Villager (Male) |
| 8:53 | Encolar | Villager (Male) |
| 9:17 | Construir | House |
| 9:44 | Construir | Barracks |
| 9:47 | Construir | Palisade Gate |
| 9:52 | Construir | Palisade Wall |
| 9:56 | Construir | Palisade Wall |
| 9:59 | Construir | House |
| 10:02 | Construir | House |
| 10:31 | Construir | Watch Tower |
| 11:29 | Construir | Archery Range |
| 12:37 | Encolar | Archer |
| 12:41 | Construir | Mule Cart |
| 13:22 | Construir | Town Center |
| 13:37 | Construir | Palisade Wall |
| 13:40 | Construir | Palisade Wall |
| 15:25 | Encolar | Archer |
| 15:26 | Encolar | Villager (Male) |
| 15:50 | Construir | Palisade Wall |
| 15:59 | Encolar | Villager (Male) |
| 16:07 | Encolar | Villager (Male) |
| 16:23 | Encolar | Villager (Male) |
| 16:25 | Construir | Blacksmith |
| 16:44 | Encolar | Archer |
| 16:46 | Encolar | Villager (Male) |
| 16:52 | Encolar | Villager (Male) |
| 17:08 | Encolar | Villager (Male) |
| 17:15 | Encolar | Villager (Male) |
| 17:28 | Encolar | Villager (Male) |
| 17:30 | Encolar | Villager (Male) |
| 17:40 | Encolar | Archer |
| 17:56 | Investigar | Fletching |
| 18:03 | Encolar | Villager (Male) |
| 18:13 | Encolar | Archer |
| 18:27 | Encolar | Villager (Male) |
| 18:45 | Encolar | Villager (Male) |
| 19:01 | Encolar | Archer |
| 19:19 | Encolar | Villager (Male) |
| 19:38 | Construir | House |
| 19:51 | Encolar | Villager (Male) |
| 20:04 | Encolar | Villager (Male) |
| 20:34 | Construir | Watch Tower |
| 20:45 | Encolar | Villager (Male) |
| 20:46 | Encolar | Archer |
| 20:55 | Construir | House |
| 21:10 | Construir | Palisade Wall |
| 21:11 | Construir | Palisade Wall |
| 21:12 | Construir | Palisade Wall |
| 21:14 | Construir | Palisade Wall |
| 21:15 | Construir | Palisade Wall |
| 21:18 | Encolar | Villager (Male) |
| 21:20 | Encolar | Archer |
| 21:42 | Encolar | Villager (Male) |
| 22:10 | Encolar | Villager (Male) |
| 23:02 | Encolar | Villager (Male) |
| 23:14 | Encolar | Villager (Male) |
| 23:15 | Construir | House |
| 23:16 | Construir | Farm |
| 23:16 | Construir | Farm |
| 23:16 | Construir | Farm |
| 23:17 | Construir | Farm |
| 23:22 | Encolar | Villager (Male) |
| 23:33 | Encolar | Villager (Male) |
| 23:55 | Construir | Watch Tower |
| 23:57 | Construir | House |
| 24:12 | Construir | House |
| 24:13 | Construir | Mill |
| 24:14 | Encolar | Villager (Male) |
| 24:19 | Encolar | Archer |
| 24:28 | Construir | Mule Cart |
| 24:31 | Encolar | Archer |
| 24:51 | Encolar | Villager (Male) |
| 24:58 | Encolar | Archer |
| 25:00 | Encolar | Villager (Male) |
| 25:08 | Encolar | Archer |
| 25:14 | Construir | Farm |
| 25:38 | Construir | Watch Tower |
| 25:54 | Encolar | Villager (Male) |
| 25:57 | Encolar | Villager (Male) |
| 26:11 | Construir | Mule Cart |
| 26:29 | Investigar | Wheelbarrow |
| 26:32 | Construir | House |
| 26:34 | Construir | Farm |
| 26:34 | Construir | Farm |
| 26:34 | Construir | Farm |
| 26:34 | Construir | Farm |
| 26:51 | Encolar | Archer |
| 26:58 | Construir | House |
| 27:17 | Encolar | Villager (Male) |
| 27:33 | Construir | Farm |
| 27:45 | Encolar | Villager (Male) |
| 27:58 | Construir | Watch Tower |
| 27:59 | Encolar | Villager (Male) |
| 27:59 | Encolar | Archer |
| 28:18 | Construir | Market |
| 29:04 | Encolar | Villager (Male) |
| 29:04 | Encolar | Archer |
| 29:05 | Encolar | Villager (Male) |
| 29:15 | Construir | Stable |
| 29:18 | Encolar | Villager (Male) |
| 29:22 | Encolar | Villager (Male) |
| 29:33 | Encolar | Archer |
| 29:42 | Encolar | Villager (Male) |
| 29:43 | Encolar | Archer |
| 29:55 | Construir | Mill |
| 30:00 | Encolar | Villager (Male) |
| 30:14 | Encolar | Scout Cavalry |
| 30:15 | Construir | Farm |
| 30:16 | Encolar | Villager (Male) |
| 30:27 | Encolar | Scout Cavalry |
| 30:35 | Encolar | Villager (Male) |
| 30:46 | Encolar | Villager (Male) |
| 30:49 | Encolar | Archer |
| 30:51 | Encolar | Villager (Male) |
| 31:17 | Encolar | Archer |
| 31:17 | Encolar | Villager (Male) |
| 31:21 | Encolar | Villager (Male) |
| 31:28 | Construir | House |
| 31:33 | Construir | Farm |
| 31:33 | Construir | Farm |
| 31:36 | Construir | Mill |
| 32:22 | Investigar | Castle Age |
| 32:52 | Construir | Farm |
| 32:52 | Investigar | Horse Collar |
Build order — 2099
Primeras 150 de 479 acciones detectadas
| 0:00 | Encolar | Villager (Male) |
| 0:01 | Encolar | Villager (Male) |
| 0:01 | Encolar | Villager (Male) |
| 0:02 | Construir | House |
| 0:03 | Construir | House |
| 0:07 | Encolar | Villager (Male) |
| 0:11 | Encolar | Villager (Male) |
| 0:11 | Encolar | Villager (Male) |
| 1:11 | Encolar | Villager (Male) |
| 1:11 | Encolar | Villager (Male) |
| 1:15 | Construir | Lumber Camp |
| 1:44 | Encolar | Villager (Male) |
| 2:11 | Encolar | Villager (Male) |
| 2:36 | Encolar | Villager (Male) |
| 2:37 | Encolar | Villager (Male) |
| 2:57 | Construir | House |
| 3:06 | Encolar | Villager (Male) |
| 3:07 | Encolar | Villager (Male) |
| 3:18 | Encolar | Villager (Male) |
| 3:52 | Encolar | Villager (Male) |
| 4:17 | Encolar | Villager (Male) |
| 4:33 | Encolar | Villager (Male) |
| 5:36 | Encolar | Villager (Male) |
| 5:38 | Investigar | Loom |
| 6:37 | Construir | Town Center |
| 6:45 | Construir | Palisade Wall |
| 7:09 | Construir | Palisade Wall |
| 7:13 | Construir | Palisade Wall |
| 7:18 | Construir | Palisade Wall |
| 7:29 | Encolar | Villager (Male) |
| 7:29 | Encolar | Villager (Male) |
| 7:30 | Encolar | Villager (Male) |
| 7:35 | Encolar | Villager (Male) |
| 7:38 | Construir | Palisade Wall |
| 7:45 | Construir | Palisade Wall |
| 7:50 | Encolar | Villager (Male) |
| 7:54 | Construir | Palisade Wall |
| 8:00 | Encolar | Villager (Male) |
| 8:15 | Construir | Palisade Wall |
| 8:16 | Construir | Palisade Wall |
| 8:22 | Construir | House |
| 8:23 | Construir | Palisade Wall |
| 8:34 | Construir | Palisade Wall |
| 8:37 | Construir | House |
| 8:46 | Construir | Palisade Wall |
| 8:49 | Construir | Mill |
| 8:57 | Construir | Palisade Wall |
| 10:09 | Construir | Palisade Wall |
| 10:52 | Encolar | Villager (Male) |
| 11:43 | Construir | Town Center |
| 11:49 | Construir | Palisade Gate |
| 11:57 | Construir | Palisade Wall |
| 12:27 | Encolar | Villager (Male) |
| 12:44 | Encolar | Villager (Male) |
| 13:42 | Encolar | Villager (Male) |
| 13:56 | Construir | Palisade Wall |
| 14:15 | Encolar | Villager (Male) |
| 14:15 | Encolar | Villager (Male) |
| 14:26 | Construir | Mining Camp |
| 14:29 | Construir | House |
| 15:15 | Construir | Farm |
| 15:16 | Construir | Farm |
| 15:16 | Construir | Farm |
| 15:34 | Encolar | Villager (Male) |
| 15:34 | Encolar | Villager (Male) |
| 16:04 | Encolar | Villager (Male) |
| 16:30 | Encolar | Villager (Male) |
| 16:32 | Construir | Farm |
| 16:42 | Construir | Farm |
| 16:47 | Encolar | Villager (Male) |
| 16:47 | Encolar | Villager (Male) |
| 17:14 | Encolar | Villager (Male) |
| 17:21 | Construir | Farm |
| 17:21 | Construir | Farm |
| 17:26 | Construir | Farm |
| 17:32 | Construir | Farm |
| 17:34 | Construir | Farm |
| 17:54 | Encolar | Villager (Male) |
| 18:16 | Construir | Farm |
| 18:17 | Encolar | Villager (Male) |
| 18:17 | Encolar | Villager (Male) |
| 18:18 | Construir | Farm |
| 18:22 | Construir | Farm |
| 18:37 | Encolar | Villager (Male) |
| 18:37 | Encolar | Villager (Male) |
| 18:49 | Encolar | Villager (Male) |
| 18:53 | Construir | Lumber Camp |
| 18:57 | Encolar | Villager (Male) |
| 19:03 | Encolar | Villager (Male) |
| 19:17 | Encolar | Villager (Male) |
| 19:41 | Construir | House |
| 19:48 | Construir | House |
| 19:49 | Construir | House |
| 19:53 | Encolar | Villager (Male) |
| 19:57 | Encolar | Villager (Male) |
| 20:01 | Encolar | Villager (Male) |
| 20:09 | Construir | Farm |
| 20:10 | Construir | Farm |
| 20:13 | Construir | House |
| 20:14 | Construir | House |
| 20:17 | Encolar | Villager (Male) |
| 20:20 | Construir | House |
| 20:25 | Construir | Farm |
| 20:26 | Encolar | Villager (Male) |
| 20:27 | Construir | House |
| 20:29 | Construir | House |
| 20:42 | Construir | Lumber Camp |
| 20:57 | Construir | Palisade Wall |
| 21:06 | Construir | Farm |
| 21:48 | Construir | Farm |
| 22:00 | Construir | House |
| 22:10 | Investigar | Feudal Age |
| 22:10 | Investigar | Feudal Age |
| 22:18 | Construir | Farm |
| 22:52 | Construir | Farm |
| 23:05 | Construir | Farm |
| 23:05 | Construir | Farm |
| 23:05 | Construir | Farm |
| 23:05 | Construir | Farm |
| 23:06 | Construir | Farm |
| 23:42 | Construir | Farm |
| 23:57 | Construir | Barracks |
| 24:10 | Encolar | Villager (Male) |
| 24:14 | Edad | Edad Feudal |
| 24:17 | Investigar | Town Watch |
| 24:32 | Construir | Archery Range |
| 24:33 | Encolar | Villager (Male) |
| 24:40 | Construir | Blacksmith |
| 24:42 | Encolar | Villager (Male) |
| 25:02 | Encolar | Villager (Male) |
| 25:13 | Construir | House |
| 25:21 | Encolar | Villager (Male) |
| 25:26 | Encolar | Villager (Male) |
| 25:32 | Encolar | Skirmisher |
| 25:33 | Encolar | Skirmisher |
| 25:36 | Investigar | Padded Archer Armor |
| 25:52 | Encolar | Villager (Male) |
| 26:04 | Encolar | Villager (Male) |
| 26:18 | Encolar | Skirmisher |
| 26:19 | Encolar | Skirmisher |
| 26:32 | Construir | Market |
| 26:35 | Investigar | Fletching |
| 26:40 | Encolar | Skirmisher |
| 27:00 | Encolar | Villager (Male) |
| 27:01 | Encolar | Skirmisher |
| 27:16 | Encolar | Skirmisher |
| 27:30 | Construir | Farm |
| 27:37 | Encolar | Skirmisher |
| 27:52 | Construir | Mill |
| 27:55 | Construir | Farm |
Cronología de la partida
| 6:45 | 2099 · wall_segment Palisade Wall x2 |
| 7:08 | NachoMontes · wall_segment Palisade Wall x1 |
| 7:09 | 2099 · wall_segment Palisade Wall x4 |
| 7:13 | 2099 · wall_segment Palisade Wall x7 |
| 7:18 | 2099 · wall_segment Palisade Wall x1 |
| 7:38 | 2099 · wall_segment Palisade Wall x2 |
| 7:45 | 2099 · wall_segment Palisade Wall x3 |
| 7:54 | 2099 · wall_segment Palisade Wall x4 |
| 8:08 | NachoMontes · age_up feudal |
| 8:15 | 2099 · wall_segment Palisade Wall x1 |
| 8:16 | 2099 · wall_segment Palisade Wall x3 |
| 8:23 | 2099 · wall_segment Palisade Wall x1 |
| 8:25 | NachoMontes · wall_segment Palisade Wall x1 |
| 8:34 | 2099 · wall_segment Palisade Wall x1 |
| 8:46 | 2099 · wall_segment Palisade Wall x13 |
| 8:57 | 2099 · wall_segment Palisade Wall x2 |
| 9:44 | NachoMontes · first_building Barracks |
| 9:52 | NachoMontes · wall_segment Palisade Wall x3 |
| 9:56 | NachoMontes · wall_segment Palisade Wall x5 |
| 10:09 | 2099 · wall_segment Palisade Wall x4 |
| 11:29 | NachoMontes · first_building Archery Range |
| 11:57 | 2099 · wall_segment Palisade Wall x1 |
| 13:37 | NachoMontes · wall_segment Palisade Wall x2 |
| 13:40 | NachoMontes · wall_segment Palisade Wall x4 |
| 13:56 | 2099 · wall_segment Palisade Wall x1 |
| 15:50 | NachoMontes · wall_segment Palisade Wall x2 |
| 20:57 | 2099 · wall_segment Palisade Wall x2 |
| 21:10 | NachoMontes · wall_segment Palisade Wall x3 |
| 21:11 | NachoMontes · wall_segment Palisade Wall x1 |
| 21:12 | NachoMontes · wall_segment Palisade Wall x1 |
| 21:14 | NachoMontes · wall_segment Palisade Wall x3 |
| 21:15 | NachoMontes · wall_segment Palisade Wall x2 |
| 23:57 | 2099 · first_building Barracks |
| 24:14 | 2099 · age_up feudal |
| 24:32 | 2099 · first_building Archery Range |
| 29:14 | 2099 · first_market_sell 100 wood |
| 29:15 | 2099 · first_market_buy 100 stone |
| 29:15 | NachoMontes · first_building Stable |
| 31:56 | NachoMontes · first_market_buy 100 food |
| 31:57 | NachoMontes · first_market_sell 100 wood |
| 34:51 | 2099 · age_up castle |
| 35:04 | NachoMontes · age_up castle |
| 35:15 | NachoMontes · first_building Monastery |
| 36:29 | 2099 · wall_segment Palisade Wall x1 |
| 36:35 | NachoMontes · first_building Siege Workshop |
| 38:36 | 2099 · first_building Siege Workshop |
| 39:50 | 2099 · first_building Stable |
| 40:33 | 2099 · first_building Monastery |
| 45:25 | 2099 · first_building Castle |
| 45:46 | 2099 · wall_segment Stone Wall x1 |
| 45:48 | 2099 · wall_segment Stone Wall x1 |
| 45:52 | 2099 · wall_segment Palisade Wall x1 |
| 45:59 | 2099 · wall_segment Palisade Wall x1 |
| 49:13 | 2099 · wall_segment Stone Wall x6 |
| 49:17 | 2099 · wall_segment Stone Wall x7 |
| 50:27 | NachoMontes · first_building Castle |
| 51:51 | NachoMontes · age_up imperial |
| 51:52 | 2099 · wall_segment Stone Wall x12 |
| 51:55 | 2099 · wall_segment Stone Wall x7 |
| 55:28 | 2099 · resign |
[ ANÁLISIS IA · 1 CRÉDITO ]
¿Qué pasó realmente en esta partida?
Wolo.gg analiza cada decisión: build order, eco, micro, errores típicos por bracket. Análisis personalizado por WhatsApp o Discord en 30 segundos.
Guía civ
Georgianos
Perfil
Jugador #2768283